 Dungeon Crawl Stone Soup version 0.30.0-10-gfe55d96785 (webtiles) character file.

Game seed: 14821039949533849531

104 SnakkuSnakku7 the Stinger (level 4, -5/21 HPs)
             Began as a Vine Stalker Venom Mage on May 14, 2023.
             Killed by divine providence
             ... invoked by an orc priest
              (11 damage)
             ... on level 4 of the Dungeon.
             The game lasted 00:03:35 (2074 turns).

SnakkuSnakku7 the Stinger (Vine Stalker Venom Mage) Turns: 2074, Time: 00:03:36

Health: -5/21      AC:  3    Str: 11    XL:     4   Next: 80%
Magic:  0/8        EV: 12    Int: 20    God:
Gold:   175        SH:  0    Dex: 14    Spells: 0/7 levels left

rFire   . . .        a - +4 mace "Jeteitro" {heavy, Will+ Int+3}
rCold   + . .        (no shield)
rNeg    . . .        q - +0 robe
rPois   .            p - +0 helmet
rElec   .            (no cloak)
rCorr   .            (no gloves)
SInv    .            (no boots)
Will    +....        (no amulet)
Stlth   ++           n - ring of protection from cold
HPRegen 1.03/turn    (no ring)
MPRegen 0.11/turn

%: guardian spirit
@: no status effects
A: fangs 2, regeneration 1, magic shield, antimagic bite, no potion heal 2
a: no special abilities


You were on level 4 of the Dungeon.
You visited 1 branch of the dungeon, and saw 4 of its levels.

You collected 175 gold pieces.

Inventory:

Hand Weapons
 a - the +4 mace "Jeteitro" (weapon) {heavy, Will+ Int+3}
   (You took it off a kobold on level 3 of the Dungeon)

   Int:       It affects your intelligence (+3).
   Will:      It increases your willpower.
 c - a +0 dagger
 s - a +0 quarterstaff of speed
Armour
 j - an orb of guile
 p - a +0 helmet (worn)
 q - a +0 robe (worn)
 w - a +0 cloak
Magical Staves
 o - a staff of conjuration
Jewellery
 n - a ring of protection from cold (left hand)
Wands
 t - a wand of charming (8)
Scrolls
 d - a scroll of enchant armour {unknown}
 e - 3 scrolls of identify {unknown}
 f - a scroll of noise {unknown}
 g - 2 scrolls of teleportation {unknown}
 h - 2 scrolls of fog {unknown}
 i - a scroll of vulnerability {unknown}
 k - a scroll of fear {unknown}
 l - a scroll of silence {unknown}
 r - a scroll of blinking {unknown}
Potions
 b - 2 potions of curing
 m - a potion of flight {unknown}
 u - a potion of heal wounds {unknown}
 v - a potion of brilliance {unknown}


   Skills:
 + Level 0.7 Maces & Flails
 - Level 1.5 Dodging
 - Level 2.4 Stealth
 - Level 2.1 Spellcasting
 - Level 1.0 Transmutations
 + Level 5.2 Poison Magic


You couldn't memorise any spells.
You knew the following spells:

 Your Spells              Type           Power      Damage    Failure   Level
a - Sting                 Tmut/Pois      56%        1d5       4%          1
b - Poisonous Vapours     Pois/Air       24%        N/A       8%          2
z - Olgreb's Toxic Radia  Pois           23%        N/A       19%         4

Your spell library contained the following spells:

 Spells                   Type           Power      Damage    Failure   Level
 Beastly Appendage        Tmut           12%        N/A       11%         1
 Spider Form              Tmut/Pois      14%        N/A       13%         3
 Wereblood                Tmut           6%         N/A       16%         2
 Mephitic Cloud           Conj/Pois/Air  9%         N/A       22%         3
 Blink                    Tloc           4%         N/A       24%         2
 Sublimation of Blood     Necr           2%         N/A       24%         2
 Petrify                  Tmut/Erth      4%         N/A       77%         4
 Manifold Assault         Tloc           2%         N/A       83%         4
 Irradiate                Conj/Tmut      2%         3d12      98%         5
 Storm Form               Tmut/Air       2%         N/A       100%        7


Dungeon Overview and Level Annotations

Branches:
Dungeon (4/15)
 Temple: D:4-7

Altars:
Kikubaaqudgha
Qazlal
Uskayaw

Shops:
D:2 (


Innate Abilities, Weirdness & Mutations

You have extremely sharp teeth.
Your natural rate of healing is unusually fast.
When hurt, damage is shared between your health and your magic reserves.
Your bite disrupts and absorbs the magic of your enemies.
Potions cannot restore your health.


Message History

You feel very sick.
An orc priest comes into view. It is wielding a +0 short sword.
You feel sick.
You see here an adder corpse.
Found a rapier.
You feel sick.
You are no longer poisoned.
An orc comes into view. It is wielding a +1 whip of venom.
The orc shouts!
The orc priest shouts!
You hear a shout!
An orc comes into view. It is wielding a +0 hand axe.
The sting misses the orc priest.
The sting hits the orc priest.
The orc priest is poisoned.
The orc priest is lightly wounded.
A quokka comes into view.
The orc priest calls down the wrath of Beogh upon you.
Beogh smites you!
The orc priest attacks as you move away!
The orc priest misses you.
The sting misses the orc priest.
The sting hits the orc.
The orc is poisoned.
The orc is lightly wounded.
The orc priest hits you with a +0 short sword.
The orc priest looks more healthy.
You see here an adder corpse.
The orc priest attacks as you move away!
The orc priest hits you but does no damage.
The orc attacks as you move away! The orc hits you with a +0 hand axe.
The orc priest attacks as you move away!
The orc priest closely misses you.
The orc priest attacks as you move away!
The orc priest hits you with a +0 short sword.
The orc priest invokes the aid of Beogh against you.
Beogh smites you!
Ouch! That really hurt!
* * * LOW HITPOINT WARNING * * *
You are too injured to fight recklessly!
You are too injured to fight recklessly!
There is a stone staircase leading down here.
The orc priest calls down the wrath of Beogh upon you.
Beogh smites you!
Ouch! That really hurt!
You die...

#...# .. ####...#
....#<.....######
........#.......#
...####.#.#.....#
####.#.......# #.#
#............# #..
#.#.###......# #....
#@...........# #....
##o.#.#......# .
#....####ro......†.# .
+#.........#........####.
.........†.###...........
.......o...#######.......
.................+.......
#.........########.......
####.....# ####....


You could see an orc priest, an orc and a quokka.

Vanquished Creatures
  Robin (D:3)
  3 adders
  A worm (D:2)
  A dart slug (D:2)
  4 ball pythons
  3 bats (D:3)
  4 endoplasms
  3 giant cockroaches
  12 goblins
  9 hobgoblins
  A quokka (D:4)
  3 frilled lizards
  6 kobolds
  4 rats
55 creatures vanquished.

Notes
Turn   | Place    | Note
-------+----------+-------------------------------------------
     0 | D:1      | SnakkuSnakku7 the Vine Stalker Venom Mage began the quest
                  | for the Orb.
     0 | D:1      | Reached XP level 1. HP: 9/9 MP: 4/4
   125 | D:1      | Reached XP level 2. HP: 10/13 MP: 4/6
   518 | D:2      | Found a faded altar of an unknown god.
   663 | D:2      | Reached skill level 4 in Poison Magic
   712 | D:2      | Reached XP level 3. HP: 10/16 MP: 2/7
   715 | D:2      | Learned a level 2 spell: Poisonous Vapours
   723 | D:2      | Found Tuumuwk's Weapon Shoppe.
   797 | D:2      | Found a hide-covered altar of Uskayaw.
  1439 | D:3      | Found an ancient bone altar of Kikubaaqudgha.
  1548 | D:3      | Noticed Robin
  1591 | D:3      | Gained mutation: Your natural rate of healing is unusually
                  | fast. [Vine Stalker growth]
  1591 | D:3      | Reached XP level 4. HP: 12/21 MP: 1/8
  1607 | D:3      | Learned a level 4 spell: Olgreb's Toxic Radiance
  1650 | D:3      | Killed Robin
  1651 | D:3      | Reached skill level 5 in Poison Magic
  1712 | D:3      | Identified the +4 mace "Jeteitro" {heavy, Will+ Int+3}
  1922 | D:4      | Found a stormy altar of Qazlal.
  2074 | D:4      | Killed from afar by an orc priest

Illustrated notes

Levels and vault maps discovered:
D:1:      dpeg_arrival_leaves_temple_mockup, layout_rooms,
          chequers_serial_rivers_large_b
D:2:      layout_basic, basic_altar, ebering_ecumenical_altar_sacrificial,
          serial_shops, nicolae_shop_back_alley_shop
D:3:      layout_basic, nicolae_kikubaaqudgha_miasma_corner, uniq_robin
D:4:      layout_basic, general_overflow_altar,
          nicolae_qazlal_general_emergency, item_on_display_a

Skill      XL: |  1  2  3  4 |
---------------+-------------+-----
Poison Magic   | 4 5 |  5.2
Maces & Flails | |  0.7
Dodging        | |  1.5
Stealth        | |  2.4
Spellcasting   | |  2.1
Transmutations | |  1.0

Action                     |  1- 3 |  4- 6 || total
---------------------------+-------+-------++-------
  Melee: Dagger            |    50 |       ||    50
         Bite              |    22 |     7 ||    29
         Staff             |    12 |    17 ||    29
         Mace              |       |    17 ||    17
   Cast: Sting             |    48 |    13 ||    61
    Use: Potion            |     2 |       ||     2
   Stab: Sleeping          |     1 |     1 ||     2
 Armour: Robe              |     9 |    15 ||    24
  Dodge: Dodged            |    56 |    43 ||    99
